 Dungeon Crawl Stone Soup version 0.29.1-15-g9cfb28693d (webtiles) character file.

Game seed: 9493221700031417267

30 vishdafish the Conjurer (level 3, 24/24 HPs)
             Began as a Demonspawn Conjurer on Mar 29, 2023.
             Quit the game on level 2 of the Dungeon.
             The game lasted 00:00:58 (1161 turns).

vishdafish the Conjurer (Demonspawn Conjurer)       Turns: 1161, Time: 00:00:58

Health: 24/24      AC:  2    Str:  7    XL:     3   Next: 5%
Magic:  0/6        EV: 12    Int: 21    God:
Gold:   106        SH:  4    Dex: 11    Spells: 6/7 levels left

rFire   . . .      SeeInvis .   (no weapon)
rCold   . . .      Faith    .   (no shield)
rNeg    . . .      Spirit   .   a - +0 robe
rPois   .          Reflect  .   (no helmet)
rElec   .          Harm     .   (no cloak)
rCorr   .          Rampage  .   (no gloves)
Will    .....                   (no boots)
Stlth   ++........              (no amulet)
HPRegen 0.08/turn               (no ring)
MPRegen 0.10/turn               (no ring)

@: no status effects
A: claws 1, condensation shield
a: no special abilities


You were on level 2 of the Dungeon.
You visited 1 branch of the dungeon, and saw 2 of its levels.

You collected 106 gold pieces.

Inventory:

Armour
 a - a +0 robe (worn)
Scrolls
 c - a scroll of teleportation {unknown}
 d - 4 scrolls of identify {unknown}
 h - a scroll of vulnerability {unknown}
 i - a scroll of summoning {unknown}
Potions
 b - a potion of magic
 e - 2 potions of mutation {unknown}
 f - a potion of curing {unknown}
 g - a potion of haste {unknown}
 j - a potion of ambrosia {unknown}


   Skills:
 - Level 2.0 Dodging
 - Level 2.0 Stealth
 + Level 2.6 Spellcasting
 + Level 4.4 Conjurations


You had 6 spell levels left.
You knew the following spells:

 Your Spells              Type           Power      Damage    Failure   Level
a - Magic Dart            Conj           84%        1d7       2%          1

Your spell library contained the following spells:

 Spells                   Type           Power      Damage    Failure   Level
 Searing Ray              Conj           42%        2d6       3%          2
 Dazzling Flash           Conj/Hex       24%        N/A       17%         3
 Fulminant Prism          Conj/Hex       6%         3d7       50%         4
 Iskenderun's Mystic Bla  Conj/Tloc      12%        2d5       50%         4


Dungeon Overview and Level Annotations

Branches:
Dungeon (2/15)

Altars:


Innate Abilities, Weirdness & Mutations

You have sharp fingernails.
A meltable shield of frost defends you. (SH +4)


Message History

A dart slug is nearby!
The magic dart hits the dart slug.
The dart slug is moderately wounded.
The dart slug launches a dart at you. The slug dart hits you.
The magic dart hits the dart slug.
The dart slug is heavily wounded.
The magic dart hits the dart slug.
The dart slug is almost dead.
The dart slug launches a dart at you. The slug dart hits you.
The magic dart hits the dart slug.
You kill the dart slug!
You can't see any susceptible monsters within range! (Use Z to cast anyway.) Magic restored.
HP restored.
Found 3 curare-tipped darts.
j - an amethyst potion A dart slug comes into view.
A dart slug is nearby!
The magic dart hits the dart slug but does no damage.
The magic dart hits the dart slug.
The dart slug is lightly wounded.
The magic dart hits the dart slug.
The dart slug is moderately wounded.
The magic dart hits the dart slug.
The dart slug is severely wounded.
The magic dart hits the dart slug.
The dart slug is almost dead.
You are out of magic!
The dart slug launches a dart at you. The slug dart misses you.
You scratch the dart slug.
You kill the dart slug!
You have reached level 3!
Your experience leads to an increase in your attributes!
Increase (S)trength, (I)ntelligence, or (D)exterity?
You feel clever. x2; Your demonic ancestry asserts itself...
Frost condenses into a shield before you.
Are you sure you want to abandon this character and quit the game? (Confirm with "yes".)

....# # ###+ #.#.#
#.# ....##.#.#.#.#
............#
.###..$...#...###
.................
..........†........
........@...###.####
##..#..##.........
#...............#
#...#..##.#.....###
#..
#..##.#.#.(.....#.#
#.
#..##.............#
# #.........#.#
#.#.#
#.#####.....###.#.##
#.#####..##...#.#...


There were no monsters in sight!

Vanquished Creatures
  2 dart slugs (D:2)
  A ball python (D:1)
  4 bats (D:1)
  2 endoplasms (D:1)
  3 giant cockroaches (D:1)
  3 goblins (D:1)
  3 hobgoblins (D:1)
  2 kobolds (D:1)
  A quokka (D:1)
  A rat (D:1)
22 creatures vanquished.

Notes
Turn   | Place    | Note
-------+----------+-------------------------------------------
     0 | D:1      | vishdafish the Demonspawn Conjurer began the quest for the
                  | Orb.
     0 | D:1      | Reached XP level 1. HP: 13/13 MP: 3/3
   332 | D:1      | Gained mutation: You have sharp fingernails. [demonic
                  | ancestry]
   332 | D:1      | Reached XP level 2. HP: 19/19 MP: 3/5
   787 | D:1      | Found a faded altar of an unknown god.
  1161 | D:2      | Gained mutation: A meltable shield of frost defends you.
                  | (SH +4) [demonic ancestry]
  1161 | D:2      | Reached XP level 3. HP: 24/24 MP: 0/6
  1161 | D:2      | Quit the game

Illustrated notes

Levels and vault maps discovered:
D:1:      minmay_arrival_diagonal_passages, layout_basic,
          shapermc_ecumenical_altar_mp_urbaneastern, minmay_distorted
D:2:      layout_basic

Skill      XL: |  1 |
---------------+----+-----
Dodging        | 2 |  2.0
Stealth        | 2 |  2.0
Spellcasting   | |  2.6
Conjurations   | |  4.4

Action                   || total
-------------------------++-------
Melee: Unarmed           ||    14
 Cast: Magic Dart        ||    46
Armor: Robe              ||     1
Dodge: Dodged            ||    11
